 Dungeon Crawl Stone Soup version 0.14.0-12-g87ee3b7 (webtiles) character file.

1568 HungrySpirit the Chopper (level 9, -2/71 HPs)
             Began as a Formicid Monk on Apr 17, 2014.
             Slain by a killer bee (4 damage)
             ... on Level 6 of the Dungeon.
             The game lasted 00:14:55 (8074 turns).

HungrySpirit the Chopper (Formicid Monk)            Turns: 8074, Time: 00:14:55

HP  -2/71        AC  6     Str 19      XL: 9   Next:  2%
MP  12/12        EV  8     Int 12      God:
Gold 152         SH 19     Dex 15      Spells:  0 memorised,  8 levels left

rFire  . . .     SeeInvis +     n - +0,-1 hand axe (venom)
rCold  . . .     Clarity  .     d - +1 ring mail
rNeg   . . .     Conserve .     o - +0 shield
rPois  .         rCorr    .     (helmet unavailable)
rElec  .         rRot     .     (no cloak)
SustAb . .       Spirit   .     (no gloves)
rMut   .         Warding  .     (no boots)
Saprov . . .     Stasis   +     (no amulet)
MR     .....                    (no ring)
                                (no ring)

@: not resistant to hostile enchantments, fairly stealthy
A: permanent stasis, dig shafts and tunnels, four strong arms, antennae 3, thin
skeletal structure 1, clever 1, herbivore 1
a: Dig, Shaft Self


You were on level 6 of the Dungeon.
You were very hungry.

You visited 1 branch of the dungeon, and saw 6 of its levels.

You collected 152 gold pieces.

Inventory:

Hand weapons
 l - a +0,+0 battleaxe
 n - a +0,-1 hand axe of venom (weapon)
 w - a +0,+0 war axe
Armour
 d - a +1 ring mail (worn)
 o - a +0 shield (worn)
Magical devices
 t - a wand of fireball (5)
 x - a wand of draining (7)
Comestibles
 b - 3 bread rations
 p - a meat ration
Scrolls
 a - a scroll of fog
 c - a scroll of fear
 g - a scroll of identify
 h - 4 scrolls of remove curse
 q - a scroll of immolation {unknown}
 r - 2 scrolls of enchant weapon II {unknown}
 s - a scroll of enchant weapon I {unknown}
 u - 3 scrolls of recharging {unknown}
 y - a scroll of amnesia {unknown}
Jewellery
 v - a +5 ring of protection
Potions
 e - a potion of curing
 f - a potion of restore abilities
 j - a potion of cure mutation


   Skills:
 - Level 6.7 Fighting
 * Level 7.8 Axes
   Level 1.6 Maces & Flails
 + Level 2.8 Armour
 - Level 2.6 Dodging
 - Level 2.4 Stealth
 + Level 3.1 Shields
 - Level 4.0 Unarmed Combat


You had 8 spell levels left.
You didn't know any spells.

Dungeon Overview and Level Annotations

Branches:
Dungeon (6/15)
 Temple: D:4-7

Altars:
Fedhas
Okawaru
Trog
Yredelemnul
Zin

Shops:
D:4 *

Annotations:
D:4 exclusion: door
D:5 exclusion: door
D:6 Chiseanne's ghost, experienced DgAr


Innate Abilities, Weirdness & Mutations

Your are under a permanent stasis effect.
You can dig through walls and to a lower floor.
Your four strong arms can wield two-handed weapons with a shield.
You have a pair of large antennae on your head (SInv).
You have a somewhat thin skeletal structure (Dex +2, Stealth).
Your mind is acute. (Int +2)
You digest meat inefficiently.


Message History

The killer bee stings you!
* * * LOW HITPOINT WARNING * * *
A centaur comes into view.
Unknown command.
Unknown command.
You closely miss the killer bee.
The killer bee is heavily wounded.
You block the killer bee's attack. x2
The killer bee stings you.
* * * LOW HITPOINT WARNING * * *
The killer bee stings you.
* * * LOW HITPOINT WARNING * * *
Unknown command.
Unknown command.
You miss the killer bee.
The killer bee is heavily wounded.
The centaur shouts!
The killer bee stings you but does no damage.
The killer bee stings you.
You die...

#..# #..# # #.c#
#. #..###### #..
#........
#..####.........
#........#####
#...kO(......#
#..##@######.#
#..##k#{≈≈≈#
#..##kh≈_>≈#
#..##k'≈..≈#
#..##)#≈≈≈≈#
#..##(######....
#..##.(?.....#
#.......{#####
#........#


You could see an ogre, a centaur, a hound and 4 killer bees.

Vanquished Creatures
  A sky beast (D:5)
  2 ogres
  A phantom (D:6)
  4 centaurs
  Sigmund (D:4)
  A giant frog (D:6)
  A killer bee (D:6)
  2 orc priests
  A crimson imp (D:5)
  A jelly (D:6)
  A gnoll shaman (D:4)
  3 worker ants
  An orc wizard (D:5)
  A mottled dragon zombie (D:4)
  8 adders
  A scorpion zombie (D:5)
  6 gnolls (D:4)
  A shadow imp (D:5)
  6 worms
  An iguana skeleton (D:5)
  5 giant geckos
  4 orcs (D:5)
  2 ball pythons
  A bat skeleton (D:4)
  2 giant cockroaches
  17 goblins
  11 hobgoblins
  7 jackals
  9 kobolds
  3 quokkas
  7 bats
  3 giant newts
  9 rats
  A rat skeleton (D:6)
125 creatures vanquished.

Notes
Turn   | Place    | Note
--------------------------------------------------------------
     0 | D:1      | HungrySpirit, the Formicid Monk, began the quest for the Orb.
     0 | D:1      | Reached XP level 1. HP: 18/18 MP: 1/1
   373 | D:1      | Reached XP level 2. HP: 22/25 MP: 3/3
   777 | D:2      | Reached skill level 1 in Maces & Flails
  1205 | D:2      | Reached XP level 3. HP: 18/30 MP: 4/4
  1874 | D:2      | Reached skill level 1 in Axes
  1874 | D:2      | Reached XP level 4. HP: 28/38 MP: 5/5
  2735 | D:3      | Reached XP level 5. HP: 43/43 MP: 7/7
  2834 | D:3      | Noticed a centaur
  2846 | D:3      | Killed a centaur
  2846 | D:3      | Reached skill level 5 in Fighting
  3291 | D:3      | Found a blossoming altar of Fedhas.
  3384 | D:3      | Reached XP level 6. HP: 51/51 MP: 8/8
  3554 | D:4      | Noticed Sigmund
  3562 | D:4      | Killed Sigmund
  4186 | D:4      | Found Zin's Purification Station.
  4189 | D:4      | Found a glowing silver altar of Zin.
  4222 | D:4      | Reached XP level 7. HP: 16/57 MP: 9/9
  4229 | D:4      | HP: 1/57 [mottled dragon zombie (3)]
  5127 | D:5      | Entered Level 5 of the Dungeon
  5177 | D:4      | Reached skill level 5 in Axes
  5251 | D:5      | Reached skill level 6 in Fighting
  6327 | D:4      | Gained mutation: Your mind is acute. (Int +2) [potion of mutation]
  6327 | D:4      | Gained mutation: You digest meat inefficiently. [potion of mutation]
  6327 | D:4      | Gained mutation: You have a somewhat thin skeletal structure (Dex +2, Stealth). [potion of mutation]
  6395 | D:5      | Reached XP level 8. HP: 57/65 MP: 11/11
  6456 | D:5      | Noticed a moth of wrath
  6457 | D:5      | Found a bloodstained altar of Trog.
  6694 | D:6      | Reached skill level 1 in Armour
  6837 | D:6      | Noticed Chiseanne's ghost (experienced DgAr)
  7123 | D:5      | Reached skill level 7 in Axes
  7123 | D:5      | Reached skill level 1 in Shields
  7510 | D:6      | Found a basalt altar of Yredelemnul.
  7955 | D:6      | Found an iron altar of Okawaru.
  8063 | D:6      | Reached XP level 9. HP: 22/71 MP: 12/12
  8073 | D:6      | HP: 2/71 [killer bee (2)]
  8074 | D:6      | Slain by a killer bee

Action                   |  1- 3 |  4- 6 |  7- 9 || total
-------------------------+-------+-------+-------++-------
Melee: Short sword       |    14 |       |       ||    14
       Unarmed           |     2 |       |       ||     2
       Club              |    53 |       |       ||    53
       Hand axe          |    15 |   144 |   305 ||   464
Evoke: Wand              |       |     1 |     1 ||     2
  Use: Potion            |       |     1 |     6 ||     7
       Scroll            |       |       |    10 ||    10
 Stab: Sleeping          |       |       |     2 ||     2
